AoeStats
← kOtH

African Clearing

504667746Analyzed
4v4 RM · 25d ago on Sep 6, 2026· 49m 11s· 8 players
Game mode
Random Map
Map size
Large (8 player)
Population
200
Speed
Normal
Resources
Standard
Victory
Conquest
Starting age
Dark Age
Ending age
Imperial Age
RankedLock teamsTeams togetherTeam positionsShared explorationLock speedFull tech treeHidden civsTurbo modeCheats
Victory
Defeat
🇦🇷 Mongols · Argentina
1384
+12
🇦🇷 Koreans · Argentina
1345
+13
🇦🇷 Vietnamese · Argentina
1331
+14
1274
+17
🇲🇽 Italians · Mexico
1362
-16
🇲🇽 Cumans · Mexico
1327
-16
🇨🇱 Berbers · Chile
1314
-15
🇺🇸 Romans · United States
1149
-9
jAvi
3:46 Loom
4:03 Loom
8:21 Loom
8:51 Loom
11:34 Feudal Age
12:15 Double-Bit Axe
14:00 Fletching
22:55 Castle Age
23:22 Wheelbarrow
22:33 Town Watch
27:24 Bodkin Arrow
30:40 Horse Collar
31:43 Pikeman
33:53 Bow Saw
35:43 Ballistics
38:33 Squires
38:35 Scale Mail Armor
40:52 Gold Mining
45:52 Imperial Age
46:27 Hand Cart
Eros.99
5:14 Loom
12:45 Feudal Age
16:13 Fletching
16:17 Double-Bit Axe
22:32 Castle Age
22:38 Crossbowman
23:15 Bodkin Arrow
24:42 Bow Saw
25:06 Thumb Ring
26:10 Gold Mining
26:10 Horse Collar
29:16 Scale Mail Armor
29:24 Squires
31:17 Chain Mail Armor
35:41 Heavy Plow
36:10 Arson
40:08 Wheelbarrow
44:30 Imperial Age
42:47 Forging
42:27 Gambesons
44:14 Iron Casting
44:47 Elite Fire Lancer
46:50 Plate Mail Armor
48:47 Gold Shaft Mining
48:03 Capped Ram
ReBeL_persi
4:46 Loom
13:46 Feudal Age
18:12 Double-Bit Axe
21:06 Castle Age
19:16 Fletching
19:49 Stone Mining
20:10 Town Watch
21:06 Gold Mining
21:31 Bloodlines
22:15 Bow Saw
25:04 Horse Collar
27:44 Ballistics
31:37 Bodkin Arrow
31:48 Scale Barding Armor
32:24 Husbandry
36:03 Imperial Age
37:51 Chemistry
39:18 Parthian Tactics
41:35 Bracer
41:56 Chain Barding Armor
42:41 Conscription
44:09 Stone Shaft Mining
灯窝森曾瑞卜药方松滴
10:38 Loom
13:12 Feudal Age
19:01 Castle Age
17:16 Double-Bit Axe
17:29 Fishing Lines
18:18 Gold Mining
19:49 Fletching
20:00 Padded Archer Armor
21:22 Husbandry
21:50 Horse Collar
28:00 Wheelbarrow
30:30 Bloodlines
30:18 Bodkin Arrow
32:24 Ballistics
35:41 Imperial Age
35:44 Heavy Cavalry Archer
36:30 Thumb Ring
36:51 Parthian Tactics
37:31 Chemistry
36:35 Bracer
37:25 Heavy Plow
42:11 Leather Archer Armor
42:21 Conscription
42:01 Recurve Bow
43:38 Cavalier
44:24 Scale Barding Armor
44:53 Ring Archer Armor
44:30 Scale Barding Armor
45:02 Hand Cart
46:12 Gold Shaft Mining
46:58 Chain Barding Armor
46:14 Paladin
50:00 Plate Barding Armor
RaffaEP
3:43 Loom
14:03 Feudal Age
19:47 Castle Age
18:34 Double-Bit Axe
18:34 Horse Collar
19:23 Gold Mining
20:18 Scale Barding Armor
22:36 Forging
25:22 Bloodlines
28:41 Wheelbarrow
34:10 Iron Casting
33:57 Chain Barding Armor
36:15 Bow Saw
37:15 Hand Cart
38:54 Iron Casting
38:45 Fletching
39:58 Heavy Plow
41:42 Bodkin Arrow
44:53 Imperial Age
42:37 Pikeman
43:18 Squires
44:05 Scale Mail Armor
44:16 Ballistas
45:34 Gold Shaft Mining
44:50 Stone Mining
45:14 Elite Centurion
46:16 Conscription
46:34 Husbandry
47:13 Plate Barding Armor
49:32 Blast Furnace
48:47 Chain Mail Armor
48:23 Heavy Scorpion
kOtH
3:20 Loom
13:16 Feudal Age
16:05 Double-Bit Axe
16:26 Horse Collar
22:03 Castle Age
20:06 Stone Mining
20:11 Gold Mining
20:35 Fletching
21:04 Padded Archer Armor
22:26 Wheelbarrow
23:09 Bodkin Arrow
24:01 Leather Archer Armor
26:43 Ballistics
40:41 Imperial Age
41:03 Elite Genoese Crossbowman
43:07 Chemistry
43:10 Stone Shaft Mining
43:03 Bracer
44:49 Ring Archer Armor
Rosse SinClan
3:54 Loom
12:49 Feudal Age
13:34 Double-Bit Axe
19:08 Wheelbarrow
22:57 Castle Age
22:03 Scale Barding Armor
22:41 Forging
22:38 Gold Mining
22:37 Horse Collar
23:45 Bloodlines
24:43 Chain Barding Armor
28:33 Town Watch
30:18 Iron Casting
44:39 Imperial Age
44:20 Stone Mining
45:01 Fletching
46:52 Conscription
47:12 Cuman Mercenaries
47:16 Padded Archer Armor
MaximoMGM
8:19 Loom
13:20 Feudal Age
13:51 Town Watch
28:26 Castle Age
35:17 Horse Collar
35:24 Double-Bit Axe
40:00 Bow Saw
40:56 Gold Mining
46:51 Imperial Age
45:37 Fletching
46:35 Bodkin Arrow
47:58 Bracer
Connection lost

Rejoining the realm…

Still unreachable

The connection could not be restored.

Session expired

The server has moved on; the page needs a fresh start.